 Dungeon Crawl Stone Soup version 0.25-a0-404-gc1b5a34292 (webtiles) character file.

Game seed: 9053902837919827728, levelgen mode: deterministic

45 Jerej03 the Conjurer (level 3, -2/14 HPs)
             Began as a Felid Conjurer on Jan 11, 2020.
             Slain by a worm (11 damage)
             ... on level 2 of the Dungeon.
             The game lasted 00:12:59 (983 turns).

Jerej03 the Conjurer (Felid Conjurer)                Turns: 983, Time: 00:13:00

Health: -2/14      AC:  1    Str:  1 (4)  XL:     3   Next: 42%
Magic:  0/7        EV: 18    Int: 17 (18) God:
Gold:   73         SH:  0    Dex: 16 (19) Spells: 3/6 levels left
                                        Lives:  0   Deaths: 0

rFire    . . .     SeeInvis +     - Unarmed
rCold    . . .     Gourm    .   (shield unavailable)
rNeg     + . .     Faith    .   (armour unavailable)
rPois    .         Spirit   .   (helmet unavailable)
rElec    .         Reflect  .   (cloak unavailable)
rCorr    .         Harm     .   (gloves unavailable)
MR       +....                  (boots unavailable)
Stlth    +++.......             (no amulet)
HPRegen  0.04/turn              a - ring of positive energy
MPRegen  0.10/turn              (no ring)

@: quick
A: very small, no armour, no weapons or thrown items, stealth, claws 1, fangs 3,
see invisible, agile 1, carnivore, clever 1, speed 1, magic resistance 1, sense
surroundings 1, shaggy fur 1, slow metabolism 1, sharp paws
a: no special abilities


You were on level 2 of the Dungeon.
You were very full.

You visited 1 branch of the dungeon, and saw 2 of its levels.

You collected 73 gold pieces.

Inventory:

Jewellery
 a - a ring of positive energy (left paw)
Comestibles
 b - a ration
 d - 7 chunks of flesh


   Skills:
 + Level 2.8 Dodging
 * Level 3.1 Stealth
 + Level 1.2 Unarmed Combat
 + Level 2.1 Spellcasting
 + Level 4.2 Conjurations


You had 3 spell levels left.
You knew the following spells:

 Your Spells              Type           Power        Failure   Level  Hunger
a - Magic Dart            Conj           ###.         3%          1    #......
b - Searing Ray           Conj           ###...       4%          2    ###....

Your spell library contained the following spells:

 Spells                   Type           Power        Failure   Level  Hunger
 Dazzling Flash           Conj/Hex       #.....       24%         3    ###....
 Fulminant Prism          Conj/Hex       #.........   61%         4    #####..
 Iskenderun's Mystic Bla  Conj/Tloc      #.......     61%         4    #####..


Dungeon Overview and Level Annotations

Branches:
Dungeon (2/15)

Altars:


Innate Abilities, Weirdness & Mutations

You cannot wear armour.
You are incapable of wielding weapons or throwing items.
Your paws allow you to move quietly. (Stealth)
You have sharp claws.
You have razor-sharp teeth.
You have supernaturally acute eyesight. (SInv)
You are carnivorous and can eat meat at any time.
You cover ground quickly.
You are covered in fur. (AC +1)
You have a slow metabolism.
Your sharp claws are effective at attacking unaware monsters.
You are agile. (Dex +2)
Your mind is acute. (Int +2)
You are resistant to hostile enchantments. (MR+)
You passively map a small area around you.


Message History

Press: ? - help, Shift-Dir - straight line, f/p - worm
Aim: a worm (moderately wounded)
The magic dart hits the worm.
The worm is severely wounded.
You scratch the worm.
The worm is almost dead.
You scratch the worm.
The worm is almost dead.
The worm misses you.
You scratch the worm.
The worm is almost dead.
The worm bites you.
You scratch the worm but do no damage.
The worm is almost dead.
You scratch the worm.
The worm is almost dead.
The worm misses you. The worm bites you!
Ouch! That really hurt!
You die...

*,.......w.>..# #..
#.........รท##.## #.#
#..............# #.#
#..............# #?#
#..............####.#
#....................
#..........##........
#..........####......
#...@w....^..........
#...........##.##+#.#
###########..#....#..
##.######.#
#.######.# #.).......
#######.## #.# #.##


You could see a worm.

Vanquished Creatures
  An adder (D:2)
  A dart slug (D:1)
  2 leopard geckos
  2 ball pythons
  6 bats
  3 goblins
  4 hobgoblins
  3 frilled lizards
  5 kobolds (D:1)
  3 rats (D:1)
30 creatures vanquished.

Notes
Turn   | Place    | Note
-------+----------+-------------------------------------------
     0 | D:1      | Jerej03 the Felid Conjurer began the quest for the Orb.
     0 | D:1      | Reached XP level 1. HP: 7/7 MP: 4/4
    50 | D:1      | Gained mutation: Your mind is acute. (Int +2) [potion of
                  | mutation]
    50 | D:1      | Gained mutation: You passively map a small area around you.
                  | [potion of mutation]
    50 | D:1      | Gained mutation: You are agile. (Dex +2) [potion of
                  | mutation]
    50 | D:1      | Gained mutation: You are resistant to hostile enchantments.
                  | (MR+) [potion of mutation]
   147 | D:1      | Reached skill level 4 in Conjurations
   183 | D:1      | Reached XP level 2. HP: 4/11 MP: 1/6
   267 | D:1      | Learned a level 2 spell: Searing Ray
   769 | D:2      | Reached XP level 3. HP: 14/14 MP: 3/7
   882 | D:2      | Reached skill level 1 in Unarmed Combat
   983 | D:2      | Slain by a worm

Levels and vault maps discovered:
D:1:      psy_arrival_spokes, layout_rooms, minmay_misc_feat_five,
          item_on_display_a
D:2:      layout_basic

Skill      XL: |  1  2  3 |
---------------+----------+-----
Conjurations   | 4 |  4.2
Stealth        | 3 |  3.1
Unarmed Combat | 1 |  1.2
Dodging        | |  2.8
Spellcasting   | |  2.1

Action                   || total
-------------------------++-------
Melee: Unarmed           ||    42
       Bite              ||     1
 Cast: Magic Dart        ||    20
       Searing Ray       ||    17
  Use: Potion            ||     8
       Scroll            ||     6
 Stab: Sleeping          ||     4
  Eat: Chunk             ||     8
Armor: Skin              ||     3
Dodge: Dodged            ||    42

Table legend:
 A = Non-vault XP
 B = Vault XP
 C = Vault XP percentage of total XP
 D = Non-vault monster count
 E = Vault monster count
 F = Vault count percentage of total count
                 A         B        C        D         E       F
            +---------+---------+-------+---------+---------+-------
      Total |      65 |       0 |   0.0 |      30 |       0 |   0.0
            +---------+---------+-------+---------+---------+-------
        D:1 |      38 |       0 |   0.0 |      22 |       0 |   0.0
        D:2 |      27 |       0 |   0.0 |       8 |       0 |   0.0
            +---------+---------+-------+---------+---------+-------
